 Dungeon Crawl Stone Soup version 0.22.0-36-g8e74550 (webtiles) character file.

398 iamserjio the Ruffian (level 6, -1/59 HPs)
             Began as a Troll Fighter on Aug 24, 2018.
             Succumbed to a water moccasin's poison
             ... on level 5 of the Dungeon.
             The game lasted 00:03:48 (434 turns).

iamserjio the Ruffian (Troll Fighter)                Turns: 434, Time: 00:03:49

Health: -1/59      AC:  5    Str: 25    XL:     6   Next: 53%
Magic:  5/5        EV:  8    Int:  6    God:
Gold:   111        SH:  8    Dex:  9    Spells: 5/5 levels left

rFire    . . .     SeeInvis .     - Unarmed
rCold    . . .     Gourm    +   b - +0 shield
rNeg     . . .     Faith    .   a - +0 robe
rPois    .         Spirit   .   (helmet restricted)
rElec    .         Reflect  .   (no cloak)
rCorr    .         Harm     .   (gloves unavailable)
MR       .....                  (boots unavailable)
Stlth    +.........             (no amulet)
HPRegen  0.59/turn              (no ring)
MPRegen  0.09/turn              (no ring)

@: lethally poisoned (-1 -> -20), hasted, very quick
A: large, unfitting armour, claws 3, fast metabolism 3, gourmand, regeneration
1, shaggy fur 1, tough skin 2
a: no special abilities


You were on level 5 of the Dungeon.
You were not hungry.

You visited 1 branch of the dungeon, and saw 5 of its levels.

You collected 111 gold pieces.

Inventory:

Armour
 a - a +0 robe (worn)
 b - a +0 shield (worn)
Scrolls
 c - 2 scrolls of identify {unknown}
 g - a scroll of remove curse {unknown}
 h - a scroll of teleportation {unknown}
Comestibles
 d - 7 rations


   Skills:
 * Level 2.6 Fighting
 - Level 2.4 Dodging
 - Level 2.4 Shields
 - Level 6.9 Unarmed Combat


You had 5 spell levels left.
You didn't know any spells.
Your spell library was empty.

Dungeon Overview and Level Annotations

Branches:
Dungeon (5/15)
 Temple: D:4-7

Altars:


Innate Abilities, Weirdness & Mutations

You are too large for most types of armour.
You have claws for hands.
Your metabolism is lightning-fast.
You like to eat raw meat.
Your natural rate of healing is unusually fast.
You are covered in fur. (AC +1)
You have very tough skin. (AC +2)


Message History

The orc wizard is lightly wounded.
* * * LOW HITPOINT WARNING * * *
You feel sick.
Unknown command.
You barely miss the orc wizard.
The orc wizard is lightly wounded.
* * * LOW HITPOINT WARNING * * *
You feel sick.
The orc wizard hits you but does no damage.
You scratch the orc wizard.
The orc wizard is lightly wounded.
* * * LOW HITPOINT WARNING * * *
You feel sick.
You claw the orc wizard!
The orc wizard is almost dead.
* * * LOW HITPOINT WARNING * * *
You feel sick.
You scratch the orc wizard.
You kill the orc wizard!
You die...

... .. .. # ##.
.#.# .. ###.
.... .#.....
...#.o###.....#
....oo)@<..#
....######## .


You could see an orc wizard and 2 orcs.

Vanquished Creatures
  A water moccasin (D:5)
  An ogre (D:3)
  A scorpion (D:4)
  A howler monkey (D:5)
  A hound (D:4)
  An orc wizard (D:5)
  An adder (D:2)
  An ooze (D:4)
  4 dart slugs
  A leopard gecko (D:1)
  5 orcs
  A giant cockroach (D:1)
  8 goblins (D:3)
  2 hobgoblins
  3 jackals (D:3)
  2 kobolds
  2 bats
  2 frilled lizards
  A quokka skeleton (D:4)
  2 rats
41 creatures vanquished.

Notes
Turn   | Place    | Note
-------+----------+-------------------------------------------
     0 | D:1      | iamserjio the Troll Fighter began the quest for the Orb.
     0 | D:1      | Reached XP level 1. HP: 22/22 MP: 0/0
    98 | D:1      | Reached XP level 2. HP: 29/29 MP: 1/1
   148 | D:2      | Reached skill level 3 in Unarmed Combat
   187 | D:3      | Noticed an ogre
   188 | D:3      | Reached XP level 3. HP: 36/36 MP: 2/2
   192 | D:3      | Killed an ogre
   192 | D:3      | Reached skill level 5 in Unarmed Combat
   192 | D:3      | Reached XP level 4. HP: 44/44 MP: 3/3
   261 | D:3      | Reached XP level 5. HP: 50/50 MP: 4/4
   380 | D:4      | Reached skill level 6 in Unarmed Combat
   404 | D:5      | Entered Level 5 of the Dungeon
   408 | D:5      | Noticed a water moccasin
   409 | D:5      | Reached XP level 6. HP: 59/59 MP: 5/5
   428 | D:5      | Killed a water moccasin
   432 | D:5      | HP: 2/59 [poisoned by a water moccasin]
   434 | D:5      | Succumbed to a water moccasin's poison

Skill      XL: |  1  2  3  4  5 |
---------------+----------------+-----
Unarmed Combat | 3 5 6 |  6.9
Fighting       | |  2.6
Dodging        | |  2.4
Shields        | |  2.4

Action                   |  1- 3 |  4- 6 || total
-------------------------+-------+-------++-------
Melee: Unarmed           |    39 |    75 ||   114
  Use: Potion            |     1 |     2 ||     3
  Eat: Chunk             |     1 |     2 ||     3
Armor: Robe              |    10 |    33 ||    43
Dodge: Dodged            |     8 |    24 ||    32
Block: Shield            |    18 |    26 ||    44
